AoeStats
← _ThienLong_

Arabia

510013557Analyzed
1v1 RM · 3d ago on Sep 29, 2026· 66m 52s· 2 players
Game mode
Random Map
Map size
Tiny (2 player)
Population
200
Speed
Normal
Resources
Standard
Victory
Conquest
Starting age
Dark Age
Ending age
Imperial Age
RankedLock teamsTeams togetherTeam positionsShared explorationLock speedFull tech treeHidden civsTurbo modeCheats
Victory
Defeat
🇻🇳 Portuguese · Vietnam
1130
+17
🇺🇸 Bengalis · United States
1157
-17
_ThienLong_
7:20 Loom
9:21 Feudal Age
10:47 Double-Bit Axe
15:03 Forging
19:26 Castle Age
17:59 Gold Mining
19:08 Scale Barding Armor
23:58 Bloodlines
25:34 Horse Collar
26:52 Chain Barding Armor
28:07 Wheelbarrow
29:19 Husbandry
31:54 Elite Skirmisher
33:42 Fletching
34:33 Padded Archer Armor
34:30 Bodkin Arrow
37:12 Bow Saw
37:24 Stone Mining
38:43 Leather Archer Armor
39:18 Thumb Ring
42:07 Heavy Plow
46:28 Imperial Age
45:33 Hand Cart
48:42 Ballistics
49:23 Chemistry
49:32 Bracer
53:18 Iron Casting
54:29 Ring Archer Armor
53:24 Cavalier
55:22 Crop Rotation
55:54 Two-Man Saw
60:07 Conscription
60:04 Murder Holes
BigAsHell44
6:13 Loom
9:41 Feudal Age
10:14 Town Watch
11:14 Double-Bit Axe
18:50 Wheelbarrow
18:18 Fletching
25:37 Castle Age
25:49 Crossbowman
26:25 Bodkin Arrow
28:27 Padded Archer Armor
30:13 Bow Saw
42:44 Ballistics
42:55 Hand Cart
43:28 Town Patrol
49:33 Imperial Age
48:08 Leather Archer Armor
49:29 Scale Barding Armor
49:54 Elite Elephant Archer
50:36 Bracer
51:46 Chemistry
51:53 Conscription
58:51 Ring Archer Armor
66:41 Scale Mail Armor
Connection lost

Rejoining the realm…

Still unreachable

The connection could not be restored.

Session expired

The server has moved on; the page needs a fresh start.